[Event "DVM U14w 2019"]
[Site "Neumuenster"]
[Date "2019.12.29"]
[Round "6"]
[White "Boutayeb, Malak"]
[Black "Rosin, Ida"]
[Result "0-1"]
[ECO "C50"]
[WhiteElo "800"]
[BlackElo "1389"]
[Annotator "NA"]
[PlyCount "82"]
[EventDate "2019.12.27"]
[EventType "team-tourn"]
[EventRounds "7"]
[EventCountry "GER"]
[SourceTitle "playchess.com"]
[Source "ChessBase"]
[SourceQuality "1"]
[WhiteTeam "VSG 1880 Offenbach"]
[BlackTeam "Lübecker SV"]
[BlackTeamCountry "GER"]
[TimeControl "40/5400+30:1800+30"]

1. e4 e5 2. Nf3 Nc6 3. Bc4 Bc5 4. d3 h6 5. Nc3 d6 6. h3 Be6 7. Be3 Bb6 8. Qd2 Nf6 9. Bxe6 fxe6 10. Bxb6 axb6 11. Qe3 O-O 12. Qd2 d5 13. d4 exd4 14. Nxd4 Nxe4 15. Nxe4 dxe4 16. O-O-O Nxd4 17. Qxd4 Qxd4 18. Rxd4 Rxa2 19. Kb1 Rfa8 20. Kc1 Ra1+ 21. Kd2 Rxh1 22. Rxe4 Rd8+ 23. Ke3 Re1+ 24. Kf3 Rxe4 25. Kxe4 Rd2 26. f4 Rxc2 27. Ke5 Kf7 28. g4 Rxb2 29. h4 Rb5+ 30. Ke4 Ra5 31. f5 exf5+ 32. gxf5 Ra4+ 33. Ke5 Rxh4 34. f6 gxf6+ 35. Kd5 b5 36. Kc5 b4 37. Kb5 b3 38. Ka5 b2 39. Kb5 b1=Q+ 40. Ka5 Rh2 41. Ka4 Ra2# {[%emt 0:31:48] normal} 0-1

[Event "DVM U14w 2019"]
[Site "Neumuenster"]
[Date "2019.12.30"]
[Round "7"]
[White "Zhou, Lepu Coco"]
[Black "Mai, Mariella"]
[Result "1-0"]
[ECO "C10"]
[WhiteElo "1892"]
[BlackElo "1232"]
[Annotator "NA"]
[PlyCount "112"]
[EventDate "2019.12.27"]
[EventType "team-tourn"]
[EventRounds "7"]
[EventCountry "GER"]
[SourceTitle "playchess.com"]
[Source "ChessBase"]
[SourceQuality "1"]
[WhiteTeam "USV Halle"]
[BlackTeam "SV Traktor Priestewitz"]
[WhiteTeamCountry "GER"]
[TimeControl "40/5400+30:1800+30"]

1. e4 e6 2. d4 d5 3. Nc3 c5 4. Nf3 Nc6 5. Be3 b6 6. Bb5 {[%emt 0:01:12] C10: French with 3 Nc3: Unusual Black 3rd moves and 3...dxe4} (6. Be2 Bb7 7. Qd2 Bd6 8. O-O-O Nge7 9. Ne1 O-O 10. Nd3 cxd4 11. Bf4 dxc3 12. Qxc3 Bxf4+ 13. Nxf4 {0-1 (32) Stoica Visan,N (1001)-Moisei,D (1050) Calimanesti Caciulata 2019}) 6... Bd7 7. exd5 $146 ({Predecessor:} 7. Qe2 a6 8. Bxc6 Bxc6 9. Ne5 Bd7 10. O-O-O Bd6 11. Nxd7 Qxd7 12. e5 Be7 13. Qg4 {1-0 (35) Granovskaya,E-Liplianskiy,I Varna 2011}) 7... exd5 8. Nxd5 {[%emt 0:00:26] unterminated} Nf6 {[%emt 0:06:34] unterminated} 9. Bg5 {[%emt 0:02:18] unterminated} Be7 {[%emt 0:01:54] unterminated} 10. Qe2 {[%emt 0:02:16] unterminated} Nxd5 {[%emt 0:00:44] unterminated} 11. Bxc6 Bxc6 12. Ne5 {[%emt 0:00:11] unterminated} Bb7 13. Qf3 {[%emt 0:01:37] unterminated} O-O {[%emt 0:01:29] unterminated} 14. Bd2 {[%emt 0:01:12] unterminated} Rb8 15. Qg3 {[%emt 0:01:11] unterminated} Bh4 {[%emt 0:00:41] unterminated} 16. Qg4 {[%emt 0:01:33] unterminated} Bc8 17. Qh5 {[%emt 0:01:08] unterminated} cxd4 18. O-O-O {[%emt 0:00:46] unterminated} Bb7 {[%emt 0:03:48] unterminated} 19. Qg4 {[%emt 0:02:51] unterminated} Bc8 {[%emt 0:00:52] unterminated} 20. Qxd4 {[%emt 0:02:59] unterminated} Bf5 {[%emt 0:04:19] unterminated} 21. c3 {[%emt 0:02:52] unterminated} Nc7 22. Qf4 {[%emt 0:01:07] unterminated} Be6 {[%emt 0:02:23] unterminated} 23. Nc6 {[%emt 0:00:17] unterminated} Nd5 {[%emt 0:02:07] unterminated} 24. Qe4 {[%emt 0:02:04] unterminated} Qf6 25. Nxb8 {[%emt 0:01:04] unterminated} Rxb8 26. f4 {[%emt 0:00:39] unterminated} (26. g3 $17 {was necessary.} Bg5 27. Bxg5 Qxg5+ 28. f4) 26... Qf5 {[%emt 0:03:48] unterminated} 27. Qa4 $2 {[%emt 0:02:19] unterminated} (27. Qxf5 Bxf5 28. Be1 Bxe1 29. Rxd5) 27... Rc8 {[%emt 0:02:21] unterminated} 28. g3 {[%emt 0:04:12] unterminated} Be7 29. Rhe1 {[%emt 0:01:18] unterminated} f6 $2 {[%emt 0:03:03] unterminated} (29... Nb4 30. g4 Qxg4) 30. a3 a5 {[%emt 0:00:23] unterminated} 31. Re4 {[%emt 0:04:18] unterminated [#] unterminated} b5 $19 (31... Nb4 $142 $1 32. axb4 Qxe4) 32. Qc2 $2 {[%emt 0:00:14] [#]} (32. g4 Qxg4 33. Qxb5) 32... b4 $1 {[%emt 0:00:33] unterminated} 33. Rde1 (33. Rd4 $142 Qxc2+ 34. Kxc2) 33... Rc6 34. Rxe6 Qxc2+ 35. Kxc2 Rc7 36. axb4 axb4 37. Kd3 Kf7 38. c4 Rd7 39. cxd5 Rxd5+ 40. Kc2 Bc5 41. Rc6 Kg6 42. Be3 b3+ 43. Kc3 Bxe3 44. Rxe3 Rd1 45. Kxb3 Rd2 46. h3 h5 47. Rc7 Rg2 48. Rc2 Rg1 49. Kc4 Rd1 50. b4 Rd8 51. Rb2 Kf5 52. b5 g5 53. fxg5 fxg5 54. b6 Rc8+ 55. Kb5 Rd8 56. b7 Rh8 {normal} 1-0

[Event "DVM U14w 2019"]
[Site "Neumuenster"]
[Date "2019.12.30"]
[Round "7"]
[White "Werner, Rosalie"]
[Black "Reuter, Elisa"]
[Result "1/2-1/2"]
[ECO "B33"]
[WhiteElo "1674"]
[BlackElo "1850"]
[Annotator "NA"]
[PlyCount "83"]
[EventDate "2019.12.27"]
[EventType "team-tourn"]
[EventRounds "7"]
[EventCountry "GER"]
[SourceTitle "playchess.com"]
[Source "ChessBase"]
[SourceQuality "1"]
[WhiteTeam "VSG 1880 Offenbach"]
[BlackTeam "SG Leipzig"]
[WhiteTeamCountry "GER"]
[BlackTeamCountry "GER"]
[TimeControl "40/5400+30:1800+30"]

1. e4 c5 2. Nf3 Nc6 3. d4 cxd4 4. Nxd4 Nf6 5. Nc3 e5 6. Ndb5 d6 7. Bg5 a6 8. Na3 b5 9. Nd5 Be7 10. Bxf6 Bxf6 11. c3 Bg5 {[%emt 0:00:51] unterminated} 12. Be2 O-O 13. O-O Be6 $11 14. Nc2 f5 15. Bf3 f4 16. a4 bxa4 17. Rxa4 Ne7 18. Ncb4 a5 19. Nxe7+ Qxe7 20. Nd5 Qb7 21. Qc2 Rfc8 22. Rd1 Bd8 23. h3 Rab8 24. Rd2 Rc5 25. b4 axb4 26. Rxb4 Qa8 27. Qb2 Rxb4 28. cxb4 Rc8 29. Rd1 Qb7 30. Rb1 Bxd5 31. exd5 Bb6 32. Rc1 Rxc1+ 33. Qxc1 Qc7 34. Qxc7 Bxc7 35. Be4 h6 36. Bg6 Bb6 37. Kf1 Kf8 38. Ke2 Ke7 39. Kf3 Bd4 40. Ke2 Bb6 41. Kf3 Bd4 42. Ke2 {[%emt 0:00:07] normal} 1/2-1/2

[Event "DVM U14w 2019"]
[Site "Neumuenster"]
[Date "2019.12.30"]
[Round "7"]
[White "Oswald, Hannah"]
[Black "Buchholz, Maja"]
[Result "1-0"]
[ECO "C06"]
[WhiteElo "1647"]
[BlackElo "1666"]
[Annotator "NA"]
[PlyCount "133"]
[EventDate "2019.12.27"]
[EventType "team-tourn"]
[EventRounds "7"]
[EventCountry "GER"]
[SourceTitle "playchess.com"]
[Source "ChessBase"]
[SourceQuality "1"]
[WhiteTeam "SG Leipzig"]
[BlackTeam "VSG 1880 Offenbach"]
[WhiteTeamCountry "GER"]
[BlackTeamCountry "GER"]
[TimeControl "40/5400+30:1800+30"]

1. e4 e6 2. d4 d5 3. Nd2 Nf6 4. e5 Nfd7 5. Bd3 c5 6. c3 Nc6 7. Ne2 cxd4 8. cxd4 f6 9. exf6 Nxf6 10. O-O Bd6 11. Nf3 Qc7 12. Bg5 O-O 13. Bh4 Nh5 14. Qc2 h6 15. Bh7+ Kh8 16. Bg6 Nf6 17. Bg3 Bd7 18. Rac1 Rac8 19. Qb1 Qb8 20. Rfe1 e5 21. dxe5 Nxe5 22. Nxe5 Bxe5 23. Bxe5 Qxe5 24. Nc3 Qd6 25. h3 Qb6 26. Rcd1 Rc7 27. Re2 Bc6 28. Qd3 Rd7 29. Qd4 Qa6 30. Bd3 Qb6 31. Qxb6 axb6 32. Red2 Ra8 33. Bf5 Rd6 34. Be4 Nxe4 35. Nxe4 Rd7 36. Nc3 Rad8 37. Rd4 Kg8 38. a4 Kf7 39. b4 Rc7 40. b5 Be8 41. Nxd5 Rcd7 42. R4d3 g5 43. Kh2 Kf8 44. Nb4 Rxd3 45. Rxd3 Rxd3 46. Nxd3 Ke7 47. Kg3 Kd6 48. h4 Bg6 49. hxg5 Bxd3 50. gxh6 Ke6 51. Kh4 Kf6 52. g4 Kg6 53. g5 Bc2 54. f4 Bxa4 55. f5+ Kh7 56. Kh5 Bd1+ 57. Kh4 Be2 58. f6 Kg6 59. Kg3 Bxb5 60. Kf4 Bc4 61. Ke4 b5 62. Kd4 b6 63. Kc3 Kh7 64. Kb4 Kg8 65. g6 Bd3 66. f7+ Kf8 67. h7 {[%emt 0:00:00] normal} 1-0

[Event "DVM U14w 2019"]
[Site "Neumuenster"]
[Date "2019.12.30"]
[Round "7"]
[White "Becker, Linda"]
[Black "Schulz, Hannah"]
[Result "1/2-1/2"]
[ECO "B13"]
[WhiteElo "1617"]
[BlackElo "1588"]
[Annotator "NA"]
[PlyCount "41"]
[EventDate "2019.12.27"]
[EventType "team-tourn"]
[EventRounds "7"]
[EventCountry "GER"]
[SourceTitle "playchess.com"]
[Source "ChessBase"]
[SourceQuality "1"]
[WhiteTeam "SG Porz"]
[BlackTeam "Karlsruher SF"]
[WhiteTeamCountry "GER"]
[BlackTeamCountry "GER"]
[TimeControl "40/5400+30:1800+30"]

1. e4 c6 2. d4 d5 3. exd5 cxd5 4. Nf3 Nc6 5. Bd3 g6 6. Bf4 Bg7 7. c3 Nf6 8. h3 O-O 9. O-O Bf5 10. Bxf5 gxf5 11. Nbd2 e6 12. Re1 Ne4 13. Rc1 Nxd2 14. Qxd2 b5 15. Ne5 Nxe5 16. Bxe5 Bxe5 17. Rxe5 Kh8 18. Qf4 Rg8 19. Re3 Qf6 20. Qe5 Qxe5 21. Rxe5 {[%emt 0:00:12] normal} 1/2-1/2

[Event "DVM U14w 2019"]
[Site "Neumuenster"]
[Date "2019.12.30"]
[Round "7"]
[White "Roncea, Andrea-Alexandra"]
[Black "Berghold, Lotta"]
[Result "1/2-1/2"]
[ECO "B00"]
[WhiteElo "1591"]
[BlackElo "1398"]
[Annotator "NA"]
[PlyCount "43"]
[EventDate "2019.12.27"]
[EventType "team-tourn"]
[EventRounds "7"]
[EventCountry "GER"]
[SourceTitle "playchess.com"]
[Source "ChessBase"]
[SourceQuality "1"]
[WhiteTeam "SC Papenburg"]
[BlackTeam "SC Borussia Lichtenberg"]
[WhiteTeamCountry "GER"]
[BlackTeamCountry "GER"]
[TimeControl "40/5400+30:1800+30"]

1. e4 d6 2. d4 Nf6 3. Bd3 g6 4. Nf3 Bg7 5. O-O O-O 6. c3 Nbd7 7. Qe2 e5 8. dxe5 dxe5 9. Rd1 Qe7 10. h3 b6 11. Bg5 Bb7 12. Nbd2 h6 13. Bh4 Nc5 14. Bc2 Rfe8 15. b4 Ne6 16. Bxf6 Bxf6 17. g3 Red8 18. Nc4 Ng5 19. Nxg5 Bxg5 20. h4 Bf6 21. Rxd8+ Rxd8 22. Rd1 {[%emt 0:00:57] normal} 1/2-1/2

[Event "DVM U14w 2019"]
[Site "Neumuenster"]
[Date "2019.12.30"]
[Round "7"]
[White "Evering, Enna"]
[Black "Kluehs, Isabel"]
[Result "1-0"]
[ECO "B33"]
[WhiteElo "1556"]
[BlackElo "1363"]
[Annotator "NA"]
[PlyCount "113"]
[EventDate "2019.12.27"]
[EventType "team-tourn"]
[EventRounds "7"]
[EventCountry "GER"]
[SourceTitle "playchess.com"]
[Source "ChessBase"]
[SourceQuality "1"]
[WhiteTeam "SC Papenburg"]
[BlackTeam "SC Borussia Lichtenberg"]
[WhiteTeamCountry "GER"]
[BlackTeamCountry "GER"]
[TimeControl "40/5400+30:1800+30"]

1. e4 c5 2. Nf3 Nc6 3. d4 cxd4 4. Nxd4 Nf6 5. Nc3 e5 6. Ndb5 d6 7. Bg5 a6 8. Na3 b5 9. Nd5 Be7 10. Bxf6 Bxf6 11. c4 b4 12. Nc2 a5 13. Qf3 Be7 14. a3 bxa3 15. Qxa3 O-O 16. Be2 f5 17. exf5 Bxf5 18. Nce3 Be4 19. Bd3 Bxd3 20. Nxe7+ Qxe7 21. Qxd3 Nb4 22. Qd2 Qc7 23. b3 Rad8 24. O-O Rf7 25. Nd5 Qc5 26. Nxb4 axb4 27. Ra4 Rb7 28. Rd1 Kh8 29. Qxd6 Qxd6 30. Rxd6 Rbb8 31. Rxd8+ Rxd8 32. g3 Rb8 33. Ra5 Kg8 34. Rxe5 Kf7 35. Kf1 Rb7 36. Rb5 Rxb5 37. cxb5 Ke7 38. b6 Kd7 39. b7 Kc7 40. b8=Q+ Kxb8 41. Ke2 Kc7 42. Kd3 Kc6 43. Kc4 Kb7 44. Kxb4 Kb6 45. f4 h5 46. h3 g6 47. g4 hxg4 48. hxg4 g5 49. fxg5 Kc6 50. g6 Kd7 51. g7 Kd6 52. g8=Q Ke5 53. g5 Kd4 54. g6 Ke5 55. Qf7 Kd4 56. g7 Ke4 57. g8=R {normal Kd5} 1-0

[Event "DVM U14w 2019"]
[Site "Neumuenster"]
[Date "2019.12.30"]
[Round "7"]
[White "Müller, Helene"]
[Black "Zoellner, Bente"]
[Result "0-1"]
[ECO "A49"]
[WhiteElo "1545"]
[BlackElo "1630"]
[Annotator "NA"]
[PlyCount "76"]
[EventDate "2019.12.27"]
[EventType "team-tourn"]
[EventRounds "7"]
[EventCountry "GER"]
[SourceTitle "playchess.com"]
[Source "ChessBase"]
[SourceQuality "1"]
[WhiteTeam "SC Borussia Lichtenberg"]
[BlackTeam "SC Papenburg"]
[BlackTeamCountry "GER"]
[TimeControl "40/5400+30:1800+30"]

1. d4 Nf6 2. Nf3 g6 3. g3 Bg7 4. Bg2 O-O 5. O-O d6 6. b3 Nbd7 7. Bb2 Rb8 8. Nc3 b6 9. Qd2 Bb7 10. Rad1 c5 11. dxc5 bxc5 12. Rfe1 Ne4 13. Nxe4 Bxb2 14. c3 Bxe4 15. Qxb2 Nf6 16. Qd2 Kg7 17. h4 Qc8 18. Ng5 Bxg2 19. Kxg2 Qc6+ 20. f3 h6 21. Nh3 a5 22. Qc2 a4 23. Rh1 Ng4 24. Rd3 axb3 25. axb3 Nf6 26. Nf4 c4 27. bxc4 Qxc4 28. Kh2 Rfc8 29. Re3 e5 30. Nh3 Nd5 31. Rd3 Nb4 32. Qd2 Nxd3 33. Qxd3 Qxd3 34. exd3 Rb2+ 35. Kg1 Rxc3 36. Nf2 Rc1+ 37. Kg2 Rxh1 38. Kxh1 Rxf2 {[%emt 0:00:07] normal} 0-1

[Event "DVM U14w 2019"]
[Site "Neumuenster"]
[Date "2019.12.30"]
[Round "7"]
[White "Voigt, Anastasia"]
[Black "Moradi, Yakta"]
[Result "1-0"]
[ECO "C50"]
[WhiteElo "1511"]
[BlackElo "1257"]
[Annotator "NA"]
[PlyCount "117"]
[EventDate "2019.12.27"]
[EventType "team-tourn"]
[EventRounds "7"]
[EventCountry "GER"]
[SourceTitle "playchess.com"]
[Source "ChessBase"]
[SourceQuality "1"]
[WhiteTeam "USV Halle"]
[BlackTeam "SV Traktor Priestewitz"]
[WhiteTeamCountry "GER"]
[TimeControl "40/5400+30:1800+30"]

1. e4 e5 2. Nf3 Nc6 3. Bc4 Nf6 4. d3 Bc5 5. c3 d6 6. Nbd2 O-O 7. O-O Bd7 8. Bb3 Qe7 9. Re1 Ng4 10. Re2 Nf6 11. h3 a6 12. Nf1 h6 13. Be3 Bxe3 14. Rxe3 Nh7 15. Rc1 Ng5 16. Ng3 Nh7 17. d4 exd4 18. cxd4 Rac8 19. Rec3 Be8 20. Qc2 Na5 21. Rxc7 Rxc7 22. Qxc7 Qxc7 23. Rxc7 Nxb3 24. axb3 Bb5 25. Nd2 Rb8 26. d5 Nf6 27. Nf5 Ne8 28. Rc3 Kf8 29. Nc4 h5 30. Ncxd6 Nxd6 31. Nxd6 Ke7 32. Nxb5 axb5 33. Rc5 f6 34. Rxb5 Kd6 35. f3 Ke5 36. Kh2 f5 37. d6+ Kxd6 38. Rxf5 Ke6 39. Rxh5 Rc8 40. Rb5 Rb8 41. f4 Rf8 42. f5+ Kf6 43. Rxb7 Re8 44. Rb6+ Kg5 45. Rg6+ Kf4 46. b4 Kxe4 47. Re6+ Rxe6 48. fxe6 Kd3 49. e7 Kc2 50. e8=Q Kxb2 51. b5 g5 52. b6 g4 53. b7 g3+ 54. Kxg3 Kc2 55. b8=R Kd3 56. Rd8+ Kc4 57. Qc6+ Kb4 58. Rb8+ Ka5 59. Qa8# {[%emt 0:00:05] normal} 1-0

[Event "DVM U14w 2019"]
[Site "Neumuenster"]
[Date "2019.12.30"]
[Round "7"]
[White "Sinner, Joselyne"]
[Black "Kuran, Olivia"]
[Result "1-0"]
[ECO "C66"]
[WhiteElo "1407"]
[BlackElo "1003"]
[Annotator "NA"]
[PlyCount "111"]
[EventDate "2019.12.27"]
[EventType "team-tourn"]
[EventRounds "7"]
[EventCountry "GER"]
[SourceTitle "playchess.com"]
[Source "ChessBase"]
[SourceQuality "1"]
[WhiteTeam "SG Porz"]
[BlackTeam "Karlsruher SF"]
[WhiteTeamCountry "GER"]
[TimeControl "40/5400+30:1800+30"]

1. e4 e5 2. Nf3 Nc6 3. Nc3 Nf6 4. Bb5 d6 5. d4 Bd7 6. O-O Be7 7. Re1 O-O 8. Bxc6 Bxc6 9. dxe5 dxe5 10. Qxd8 Raxd8 11. Nxe5 Bd7 12. Nxd7 Rxd7 13. Bf4 c6 14. Rad1 Rfd8 15. Rxd7 Rxd7 16. a3 h6 17. f3 Nh5 18. Be3 a6 19. Rd1 Rxd1+ 20. Nxd1 Nf6 21. Nc3 Ne8 22. Kf2 Nd6 23. Bc5 Kf8 24. b3 Ke8 25. Bd4 Kf8 26. a4 Ne8 27. Ke3 Bg5+ 28. f4 Bf6 29. Bxf6 Nxf6 30. h3 Ke7 31. Ne2 Ke6 32. Nd4+ Kd7 33. g4 c5 34. Nf5 Ne8 35. Kd3 b6 36. Ne3 g6 37. Nd5 b5 38. axb5 axb5 39. e5 Ke6 40. Ke4 f6 41. Nxf6 Nxf6+ 42. exf6 Kxf6 43. f5 gxf5+ 44. gxf5 h5 45. h4 b4 46. Kf4 Kf7 47. Kg5 Kg7 48. Kxh5 Kf6 49. Kg4 Kg7 50. Kg5 Kf7 51. h5 Kg7 52. h6+ Kh7 53. f6 Kg8 54. Kg6 Kh8 55. f7 c4 56. f8=Q# {[%emt 0:00:03] normal} 1-0

[Event "DVM U14w 2019"]
[Site "Neumuenster"]
[Date "2019.12.30"]
[Round "7"]
[White "Glowiak, Alexandra"]
[Black "Dietz, Kristin"]
[Result "0-1"]
[ECO "B43"]
[WhiteElo "1403"]
[BlackElo "1946"]
[Annotator "NA"]
[PlyCount "92"]
[EventDate "2019.12.27"]
[EventType "team-tourn"]
[EventRounds "7"]
[EventCountry "GER"]
[SourceTitle "playchess.com"]
[Source "ChessBase"]
[SourceQuality "1"]
[WhiteTeam "SV Traktor Priestewitz"]
[BlackTeam "USV Halle"]
[BlackTeamCountry "GER"]
[TimeControl "40/5400+30:1800+30"]

1. e4 c5 2. Nf3 e6 3. d4 cxd4 4. Nxd4 a6 5. Nc3 Qc7 6. Be3 Bb4 {[%emt 0:00:19] unterminated} 7. Nde2 {[%emt 0:03:17] unterminated} Nf6 {[%emt 0:01:18] unterminated unterminated. B43: Sicilian: Kan Variation: 5 Nc3} 8. a3 {[%emt 0:05:10] unterminated} Be7 {[%emt 0:07:06] unterminated} 9. Nd4 O-O $146 {[%emt 0:00:37] unterminated} ({Predecessor:} 9... Nc6 10. Be2 O-O 11. O-O d6 12. Kh1 Na5 13. Qe1 Bd7 14. f4 Nc4 15. Bc1 Rac8 16. Bd3 b5 17. Nce2 g6 18. b3 e5 19. Nf3 {0-1 (42) Souza,R (2159)-Mekhitarian,K (2555) Rio de Janeiro 2016}) 10. Be2 d6 11. O-O {[%emt 0:00:38] unterminated} b5 {[%emt 0:00:45] unterminated} 12. f3 Bb7 {[%emt 0:00:25] unterminated} 13. Rc1 {[%emt 0:05:00] unterminated} Nbd7 {[%emt 0:04:33] unterminated} 14. Nb3 {[%emt 0:04:10] unterminated} Rac8 {[%emt 0:06:33] unterminated} 15. Qe1 {[%emt 0:09:02] unterminated} d5 16. exd5 {[%emt 0:01:01] unterminated} Nxd5 17. Nxd5 Bxd5 {[%emt 0:00:15] unterminated} 18. f4 {[%emt 0:04:43] unterminated} Bf6 {[%emt 0:04:59] unterminated} 19. Nd4 {[%emt 0:02:59] unterminated} Qd6 {[%emt 0:06:45] unterminated} 20. c3 {[%emt 0:02:32] unterminated} Nc5 {[%emt 0:01:45] unterminated} 21. Rd1 {[%emt 0:03:14] unterminated} Na4 {[%emt 0:05:38] unterminated} 22. Rd2 $15 Qb8 23. Bf3 Nb6 24. f5 e5 25. Nc2 Bxf3 26. Rxf3 Nc4 27. Re2 Nxb2 28. Nb4 e4 29. Bf4 Qa7+ 30. Be3 Qb7 31. Rh3 Nd3 32. Qd1 Rxc3 33. Nxd3 Rxd3 34. Qc2 Rc8 35. Qb1 Qd5 36. Re1 Qb3 37. Qxb3 Rxb3 38. Bf4 Rxh3 39. gxh3 Rc4 40. Kg2 g6 41. Bh6 Bg7 42. Bg5 gxf5 43. Rf1 h6 44. Bh4 e3 45. Bg3 Rc3 46. Rxf5 Rxa3 {[%emt 0:00:37] normal} 0-1

[Event "DVM U14w 2019"]
[Site "Neumuenster"]
[Date "2019.12.30"]
[Round "7"]
[White "Reiter, Hannah"]
[Black "Ramien, Hannah"]
[Result "1-0"]
[ECO "C57"]
[WhiteElo "1373"]
[BlackElo "1439"]
[Annotator "NA"]
[PlyCount "59"]
[EventDate "2019.12.27"]
[EventType "team-tourn"]
[EventRounds "7"]
[EventCountry "GER"]
[SourceTitle "playchess.com"]
[Source "ChessBase"]
[SourceQuality "1"]
[WhiteTeam "Karlsruher SF"]
[BlackTeam "SG Porz"]
[WhiteTeamCountry "GER"]
[BlackTeamCountry "GER"]
[TimeControl "40/5400+30:1800+30"]

1. e4 e5 2. Nf3 Nc6 3. Bc4 Nf6 4. Ng5 d5 5. exd5 Nd4 6. d3 h6 7. Nf3 Bg4 8. Nbd2 Nxd5 9. h3 Bxf3 10. Nxf3 Nc6 11. O-O Nb6 12. Bb5 Bd6 13. Re1 Nd7 14. Bf4 Qf6 15. Qd2 O-O 16. Bg3 Rfe8 17. Bxc6 bxc6 18. Qc3 c5 19. Re2 Re7 20. Rae1 Rae8 21. Qa5 Rb8 22. Bh4 g5 23. Re4 Kh7 24. Bg3 Rxb2 25. Qxa7 Rxc2 26. h4 Rb2 27. hxg5 hxg5 28. Rg4 Kh6 29. Qa8 Rb8 30. Qa4 {[%emt 0:00:51] normal} 1-0

[Event "DVM U14w 2019"]
[Site "Neumuenster"]
[Date "2019.12.30"]
[Round "7"]
[White "Dixon Quiroz, Laura Michaela"]
[Black "Nguyen, Jenny Ha-Linh"]
[Result "0-1"]
[ECO "C02"]
[WhiteElo "1310"]
[BlackElo "1387"]
[Annotator "NA"]
[PlyCount "94"]
[EventDate "2019.12.27"]
[EventType "team-tourn"]
[EventRounds "7"]
[EventCountry "GER"]
[SourceTitle "playchess.com"]
[Source "ChessBase"]
[SourceQuality "1"]
[WhiteTeam "VSG 1880 Offenbach"]
[BlackTeam "SG Leipzig"]
[WhiteTeamCountry "GER"]
[BlackTeamCountry "GER"]
[TimeControl "40/5400+30:1800+30"]

1. e4 e6 2. d4 d5 3. e5 c5 4. c3 Nc6 5. Nf3 Bd7 6. Be2 Qc7 7. a3 c4 8. b3 cxb3 9. Qxb3 f6 10. Bf4 fxe5 11. Bxe5 Nxe5 12. Nxe5 Nf6 13. Nd2 Bd6 14. f4 a6 15. a4 O-O 16. O-O Be8 17. c4 b6 18. cxd5 exd5 19. Ne4 Kh8 20. Nxf6 Rxf6 21. Qxd5 Rd8 22. Bc4 Rf8 23. Bxa6 Bc5 24. Qf3 Bxd4+ 25. Kh1 Bxe5 26. Rac1 Qa7 27. Bb5 Bxb5 28. axb5 Rxf4 29. Rfd1 Rfd4 30. Rxd4 Bxd4 31. Rd1 Qd7 32. Qc6 h6 33. h3 Qxc6 34. bxc6 Bf6 35. Rb1 Rb8 36. g4 Bd8 37. Kg2 Rc8 38. Rc1 Kg8 39. Kf3 Kf7 40. Ke4 Ke6 41. Kd4 Kd6 42. Ke4 Rxc6 43. Rxc6+ Kxc6 44. Kf5 b5 45. Kg6 Bf6 46. h4 Bxh4 47. Kxg7 Bg5 {[%emt 0:00:03] normal} 0-1

[Event "DVM U14w 2019"]
[Site "Neumuenster"]
[Date "2019.12.30"]
[Round "7"]
[White "Moradi, Yassaman"]
[Black "Stowicek, Yara Mathilda"]
[Result "0-1"]
[ECO "C44"]
[WhiteElo "1293"]
[BlackElo "1682"]
[Annotator "NA"]
[PlyCount "118"]
[EventDate "2019.12.27"]
[EventType "team-tourn"]
[EventRounds "7"]
[EventCountry "GER"]
[SourceTitle "playchess.com"]
[Source "ChessBase"]
[SourceQuality "1"]
[WhiteTeam "SV Traktor Priestewitz"]
[BlackTeam "USV Halle"]
[BlackTeamCountry "GER"]
[TimeControl "40/5400+30:1800+30"]

1. e4 e5 2. Nf3 Nc6 3. d4 exd4 4. Nxd4 Qh4 5. Nxc6 Qxe4+ 6. Qe2 Qxe2+ 7. Bxe2 dxc6 8. Nc3 Nf6 9. O-O Bf5 10. Bd3 Bxd3 11. Re1+ Be7 12. cxd3 Rd8 13. Bf4 Rd7 14. h3 Kd8 15. a3 Re8 16. Rad1 Kc8 17. Bg5 Red8 18. Re3 Nd5 19. Rg3 Bxg5 20. Rxg5 f6 21. Rg3 Nf4 22. Re3 Nxd3 23. Rb1 Ne5 24. Ree1 Rd2 25. Ne4 R2d5 26. Nc3 Rd3 27. Ne4 b6 28. Nc3 R8d7 29. Ne4 Nc4 30. Nc3 Nxb2 31. Rxb2 Rxc3 32. Ra2 Rcd3 33. Raa1 Kd8 34. Kf1 Re7 35. Rec1 c5 36. g3 Rd2 37. Kg2 Ree2 38. Rf1 c4 39. Rac1 b5 40. h4 Ra2 41. Rc3 Rac2 42. Rxc2 Rxc2 43. Kf3 Rc3+ 44. Ke2 Rxa3 45. Kd2 a5 46. Kc2 b4 47. Kb2 c3+ 48. Kc2 Ra2+ 49. Kb3 Rb2+ 50. Ka4 c2 51. Rc1 b3 52. Kb5 Rb1 53. Rxb1 cxb1=Q 54. Kxa5 Qa2+ 55. Kb4 b2 56. Kc3 b1=Q 57. Kd4 Qac2 58. Ke3 Qd3+ 59. Kf4 Qe4# {[%emt 0:00:04] normal} 0-1

[Event "DVM U14w 2019"]
[Site "Neumuenster"]
[Date "2019.12.30"]
[Round "7"]
[White "Halas, Neele Zoe"]
[Black "Boutayeb, Malak"]
[Result "1-0"]
[ECO "C45"]
[WhiteElo "1076"]
[BlackElo "800"]
[Annotator "NA"]
[PlyCount "109"]
[EventDate "2019.12.27"]
[EventType "team-tourn"]
[EventRounds "7"]
[EventCountry "GER"]
[SourceTitle "playchess.com"]
[Source "ChessBase"]
[SourceQuality "1"]
[WhiteTeam "SG Leipzig"]
[BlackTeam "VSG 1880 Offenbach"]
[TimeControl "40/5400+30:1800+30"]

1. e4 e5 2. Nf3 Nc6 3. d4 exd4 4. Nxd4 Bc5 5. Be3 Nxd4 6. Bxd4 Bxd4 7. Qxd4 Qf6 8. e5 Qe7 9. Nd2 d6 10. f4 c5 11. Qxd6 Qxd6 12. exd6 Be6 13. Bb5+ Bd7 14. Bxd7+ Kxd7 15. Ne4 Rc8 16. O-O-O Nf6 17. Nxf6+ gxf6 18. Rhe1 Rce8 19. Rxe8 Rxe8 20. Rd5 Re2 21. Rd2 Rxd2 22. Kxd2 Kxd6 23. Kd3 b5 24. Ke4 a5 25. c3 b4 26. c4 a4 27. b3 axb3 28. axb3 Ke6 29. f5+ Kd6 30. g4 h6 31. Kf4 Ke7 32. Kg3 Kf8 33. h3 Kg7 34. Kf4 Kh7 35. Ke4 h5 36. Kd5 Kh6 37. Kxc5 hxg4 38. hxg4 Kg5 39. Kb6 Kxg4 40. c5 Kxf5 41. c6 Ke6 42. c7 Kd7 43. Kb7 f5 44. c8=Q+ Kd6 45. Qxf5 Ke7 46. Qc5+ Kd7 47. Qxb4 f5 48. Qf4 Ke6 49. Kc6 Kf6 50. Kd6 Kg6 51. Ke6 Kh5 52. Qxf5+ Kh4 53. Qg6 Kh3 54. Kf5 Kh4 55. Qg4# {[%emt 0:00:54] normal} 1-0